 Dungeon Crawl Stone Soup version 0.31-a0-675-g238779eb0a (webtiles) character file.

Game seed: 1261499502766705288

31 qw the Shooter (level 3, -5/21 HPs)
             Began as a Gargoyle Hunter on Sept 5, 2023.
             Slain by Terence
             ... wielding the +7 Throatcutter {drain, coup de grace}
              (10 damage)
             ... on level 2 of the Dungeon.
             The game lasted 00:00:23 (1133 turns).

qw the Shooter (Gargoyle Hunter)                    Turns: 1133, Time: 00:00:23

Health: -5/21      AC:  8    Str: 14    XL:     3   Next: 22%
Magic:  3/3        EV: 10    Int:  9    God:
Gold:   10         SH:  0    Dex: 15    Spells: 2/2 levels left

rFire   . . .        Y - +0 shortbow
rCold   . . .        (shield currently unavailable)
rNeg    + . .        k - +0 ring mail
rPois   inf          (no helmet)
rElec   +            (no cloak)
rCorr   .            (no gloves)
SInv    .            (no boots)
Will    .....        (no amulet)
Stlth   +            (no ring)
HPRegen 0.23/turn    (no ring)
MPRegen 0.08/turn

%: no passive effects
@: about to teleport
A: sickness immunity, AC +3, negative energy resistance 1, electricity
resistance, torment resistance 1, petrification resistance
a: no special abilities


You were on level 2 of the Dungeon.
You visited 1 branch of the dungeon, and saw 2 of its levels.

You collected 10 gold pieces.


Innate Abilities, Weirdness & Mutations

You are immune to sickness and miasma.
Your stone body is resilient. (AC +3)
You are immune to poison.
You resist negative energy. (rN+)
You are resistant to electric shocks. (rElec)
You are resistant to unholy torment.
You are immune to petrification.


   Skills:
 - Level 2.3 Fighting
 - Level 5.0 Ranged Weapons
 + Level 0.1 Armour
 - Level 1.5 Dodging
 - Level 1.1 Stealth


You had 2 spell levels left.
You didn't know any spells.
Your spell library was empty.

Inventory:

Hand Weapons
 Y - a +0 shortbow (weapon)
Armour
 k - a +0 ring mail (worn)
Scrolls
 a - a scroll of teleportation
 f - a scroll of identify
Potions
 e - a potion of brilliance {unknown}
 g - a potion of lignification {unknown}
 h - a potion of degeneration {unknown}

Dungeon Overview and Level Annotations

Branches:
Dungeon (2/15)

Altars:

Annotations:
D:2 Terence


Message History

Found a ring mail.
You see here a +0 ring mail.
A kobold comes into view. It is wielding a +0 dagger.
The kobold shouts!
The kobold throws a stone.
The stone misses you.
You shoot an arrow. The arrow closely misses the kobold.
The kobold throws a stone.
The stone barely misses you.
You shoot an arrow. The arrow hits the kobold.
The kobold is severely wounded.
You shoot an arrow. The arrow barely misses the kobold.
Terence the Incautious comes into view.
He is wielding the +7 Throatcutter {drain, coup de grace}.
You shoot an arrow.
Terence shouts!
The arrow hits the kobold!
You kill the kobold!
You shoot an arrow. The arrow closely misses Terence.
You shoot an arrow.
The arrow hits Terence but does no damage.
You shoot an arrow. The arrow hits Terence.
Terence is lightly wounded.
Terence barely misses you.
You shoot an arrow. The arrow hits Terence.
Terence is moderately wounded.
Terence hits you with the +7 Throatcutter {drain, coup de grace}!
You shoot an arrow. The arrow hits Terence!
Terence is severely wounded.
Terence hits you with the +7 Throatcutter {drain, coup de grace}.
Terence hits you but does no damage.
You shoot an arrow. The arrow hits Terence.
Terence is almost dead.
Terence misses you.
You shoot an arrow.
The arrow hits Terence but does no damage.
Terence is almost dead.
Terence hits you with the +7 Throatcutter {drain, coup de grace}!
1133 ||| READING 2 scrolls of teleportation.
As you read the scroll of teleportation, it crumbles to dust.
You feel strangely unstable.
Terence hits you with the +7 Throatcutter {drain, coup de grace}!
You die...

###### #.# #....# #.#
#.##.# . #.# #.##.#
.. #.# #.##.###+#'#+
#.# #.##.#....... #.#
#.##.#.......
#.#####....@@...)..
###........#.#.#+#+#.
#..........#.#.#
#.##########.#.# #.#
#.#.# #.# #.#.#.# #.#
#.#.#.## #.# #.#.#..
#.# #.....#


You could see Terence.

Vanquished Creatures
  A dart slug (D:1)
  2 endoplasms (D:1)
  3 giant cockroaches (D:1)
  2 hobgoblins (D:1)
  4 jackals (D:1)
  2 quokkas (D:1)
  2 ball pythons (D:1)
  A frilled lizard (D:1)
  2 goblins (D:1)
  6 kobolds
  A rat (D:1)
26 creatures vanquished.

Notes
Turn   | Place    | Note
-------+----------+-------------------------------------------
     0 | D:1      | qw the Gargoyle Hunter began the quest for the Orb.
     0 | D:1      | Reached XP level 1. HP: 12/12 MP: 1/1
     0 | D:1      | 0 ||| qw: Version: 0.3-a-75-g829b12e
     0 | D:1      | 0 ||| qw: Game counter: 170
     0 | D:1      | 0 ||| qw: Melee chars always use a shield: true
     0 | D:1      | 0 ||| qw: God list: Okawaru
     0 | D:1      | 0 ||| qw: Allow faded altars: false
     0 | D:1      | 0 ||| qw: Do Orc after clearing Dungeon:15 true
     0 | D:1      | 0 ||| qw: Do second Lair branch before Depths: true
     0 | D:1      | 0 ||| qw: Lair rune preference: random
     0 | D:1      | 0 ||| qw: Goals: Normal
     0 | D:1      | 0 ||| PLANNING D:1-11
   168 | D:1      | 168 ||| RETREATING.
   183 | D:1      | Reached XP level 2. HP: 15/17 MP: 2/2
   187 | D:1      | HP: 4/17 [frozen (4)]
   532 | D:1      | Found a faded altar of an unknown god.
   660 | D:1      | Reached XP level 3. HP: 21/21 MP: 3/3
   814 | D:1      | Reached skill level 5 in Ranged Weapons
  1015 | D:1      | 1015 ||| UPGRADING to +0 ring mail.
  1025 | D:1      | 1025 ||| DROPPING +0 leather armour.
  1026 | D:1      | 1026 ||| READING 3 scrolls labelled EWANAC MUEDYRYICH.
  1030 | D:1      | 1030 ||| READING 2 scrolls labelled OLOM QUETZY.
  1031 | D:1      | 1031 ||| READING scroll labelled WOLICS YNES.
  1032 | D:1      | 1032 ||| READING scroll labelled JUADASANIAKK.
  1033 | D:1      | 1033 ||| DROPPING scroll of butterflies.
  1124 | D:2      | Noticed Terence
  1132 | D:2      | HP: 5/21 [Terence/the +7 Throatcutter {drain, coup de
                  | grace} (9)]
  1133 | D:2      | 1133 ||| READING 2 scrolls of teleportation.
  1133 | D:2      | Slain by Terence

Levels and vault maps discovered:
D:1:      nicolae_arrival_somewhat_less_tricky_arrival, layout_loops_corners,
          ebering_ecumenical_altar_petrified
D:2:      layout_basic, basic_altar, serial_bayou_pond_c, uniq_terence

Skill      XL: |  1  2  3 |
---------------+----------+-----
Ranged Weapons | 5 |  5.0
Fighting       | |  2.3
Armour         | |  0.1
Dodging        | |  1.5
Stealth        | |  1.1

Action                     || total
---------------------------++-------
   Fire: Shortbow          ||    98
    Use: Scroll            ||     5
 Armour: Leather armour    ||    25
         Ring mail         ||     5
  Dodge: Dodged            ||    33

Table legend:
 A = Non-vault XP
 B = Vault XP
 C = Vault XP percentage of total XP
 D = Non-vault monster count
 E = Vault monster count
 F = Vault count percentage of total count
                 A         B        C        D         E       F
            +---------+---------+-------+---------+---------+-------
      Total |      45 |       0 |   0.0 |      26 |       0 |   0.0
            +---------+---------+-------+---------+---------+-------
        D:1 |      43 |       0 |   0.0 |      25 |       0 |   0.0
        D:2 |       2 |       0 |   0.0 |       1 |       0 |   0.0
            +---------+---------+-------+---------+---------+-------
